MID
BINGHAMTON METS @ DAYTON DRAGONS
08/22/2044
 
TOP OF THE 1ST
Binghamton Mets batting - Pitching for Dayton Dragons : LHP Bill Cooksey
Pitching: LHP Bill Cooksey
Batting: RHB Jake Hansford 0-0: Foul Ball, location: 2F
0-1: SINGLE (Groundball, 15S, EV 68.8 MPH) (infield hit)
Batting: RHB Steve Dunaway 0-0: Called Strike
0-1: Called Strike
0-2: Fielders Choice at 2nd, 6-4 (Groundball, 56, EV 83.8 MPH)
Batting: RHB Joe Kooyers 0-0: Called Strike
0-1: Foul Ball, location: 2F
0-2: Ball
1-2: Strikes out swinging
Batting: RHB Matt Skipper 0-0: Called Strike
0-1: Fielders Choice at 2nd, 6-4 (Groundball, 6, EV 86.9 MPH)
Top of the 1st over - 0 runs, 1 hit, 0 errors, 1 left on base; Binghamton 0 - Dayton 0
BOTTOM OF THE 1ST
Dayton Dragons batting - Pitching for Binghamton Mets : RHP Lawrence Luning
Pitching: RHP Lawrence Luning
Batting: RHB Tim Walter 0-0: Ball
1-0: Called Strike
1-1: Ball
2-1: Swinging Strike
2-2: Foul Ball, location: 2F
2-2: SINGLE (Groundball, 56D, EV 97.5 MPH)
Batting: LHB Matt Kennedy 0-0: Foul Ball, location: 2F
0-1: Foul Ball, location: 2F
0-2: Strikes out swinging
Batting: SHB Kristian Kristensen 0-0: Foul Ball, location: 2F
0-1: Ball
1-1: Called Strike
1-2: Ball
2-2: Foul Ball, location: 2F
2-2: Ball
3-2: Base on Balls
Tim Walter to second
Batting: LHB Andrew Hamm 0-0: Ball
1-0: Ball
2-0: Ball
3-0: Base on Balls
Tim Walter to third
Kristian Kristensen to second
Batting: RHB Jonathan Davis 0-0: Ball
1-0: Ball
2-0: Called Strike
2-1: DOUBLE (Groundball, 5L, EV 111.3 MPH)
Tim Walter scores
Kristian Kristensen scores
Andrew Hamm to third
Batting: RHB Ben Hinman 0-0: Ball
1-0: Ground out 5-3 (Groundball, 5, EV 88.1 MPH)
Batting: RHB Pat Grover 0-0: Ball
1-0: Ground out 5-3 (Groundball, 56, EV 82.5 MPH)
Bottom of the 1st over - 2 runs, 2 hits, 0 errors, 2 left on base; Binghamton 0 - Dayton 2
TOP OF THE 2ND
Binghamton Mets batting - Pitching for Dayton Dragons : LHP Bill Cooksey
Batting: SHB Alex Orozco 0-0: Ground out 5-3 (Groundball, 56S, EV 82.5 MPH)
Batting: LHB Tom Prayer 0-0: Called Strike
0-1: Foul Ball, location: 2F
0-2: Ball
1-2: Ball
2-2: Ground out U3 (Groundball, 3, EV 85.6 MPH)
Batting: RHB Ivan Gonzales 0-0: Called Strike
0-1: Ball
1-1: Ball
2-1: TRIPLE (Line Drive, 78XD, EV 105.6 MPH)
Batting: LHB Joel Soto 0-0: Ball
1-0: Swinging Strike
1-1: Swinging Strike
1-2: Strikes out swinging
Top of the 2nd over - 0 runs, 1 hit, 0 errors, 1 left on base; Binghamton 0 - Dayton 2
BOTTOM OF THE 2ND
Dayton Dragons batting - Pitching for Binghamton Mets : RHP Lawrence Luning
Batting: RHB Frank Moron 0-0: Ball
1-0: Swinging Strike
1-1: Ball
2-1: Foul Ball, location: 2F
2-2: Fly out, F7 (Flyball, 7LM, EV 90.6 MPH)
Batting: RHB Travis Petrick 0-0: Ball
1-0: Called Strike
1-1: Ball
2-1: Ball
3-1: Base on Balls
Batting: RHB Tim Walter 0-0: Called Strike
0-1: Foul Ball, location: 2F
0-2: SINGLE (Line Drive, 7S, EV 108.1 MPH)
Travis Petrick to second
Batting: LHB Matt Kennedy 0-0: Swinging Strike
0-1: DOUBLE (Groundball, 3L, EV 107.5 MPH)
Travis Petrick scores
Tim Walter to third
Batting: SHB Kristian Kristensen 0-0: Called Strike
0-1: Called Strike
0-2: Ball
1-2: Foul Ball, location: 2F
1-2: Ball
2-2: Ground out 4-3 (Groundball, 4, EV 105.6 MPH)
Tim Walter scores
Matt Kennedy to third
Batting: LHB Andrew Hamm 0-0: Called Strike
0-1: Ball
1-1: Ground out 4-3 (Groundball, 4S, EV 92.5 MPH)
Bottom of the 2nd over - 2 runs, 2 hits, 0 errors, 1 left on base; Binghamton 0 - Dayton 4
TOP OF THE 3RD
Binghamton Mets batting - Pitching for Dayton Dragons : LHP Bill Cooksey
Batting: RHB Bill Larsen 0-0: DOUBLE (Line Drive, 9LM, EV 91.9 MPH)
Batting: RHB Jake Hansford 0-0: Called Strike
0-1: Swinging Strike
0-2: Strikes out swinging
Batting: RHB Steve Dunaway 0-0: Ball
1-0: Ground out 6-3 (Groundball, 6, EV 85.6 MPH)
Batting: RHB Joe Kooyers 0-0: Called Strike
0-1: Ball
1-1: Ball
2-1: Called Strike
2-2: Foul Ball, location: 2F
2-2: Ball
3-2: Base on Balls
Batting: RHB Matt Skipper 0-0: Foul Ball, location: 2F
0-1: Ground out U3 (Groundball, 34, EV 106.9 MPH)
Top of the 3rd over - 0 runs, 1 hit, 0 errors, 2 left on base; Binghamton 0 - Dayton 4
BOTTOM OF THE 3RD
Dayton Dragons batting - Pitching for Binghamton Mets : RHP Lawrence Luning
Batting: RHB Jonathan Davis 0-0: Hit by Pitch
Batting: RHB Ben Hinman 0-0: Ball
1-0: Foul Ball, location: 2F
1-1: Ball
2-1: Fielders Choice at 2nd, 1-4 (Groundball, 15S, EV 62.5 MPH)
Batting: RHB Pat Grover 0-0: Swinging Strike
0-1: Swinging Strike
0-2: Ball
1-2: Strikes out looking
Batting: RHB Frank Moron 0-0: Foul Ball, location: 2F
0-1: Swinging Strike
0-2: SINGLE (Line Drive, 8RS, EV 85.6 MPH)
Ben Hinman to second
Runner from 2nd tries for 3rd, SAFE, throw by CF made to third
Batting: RHB Travis Petrick 0-0: Called Strike
0-1: Ball
1-1: Foul Ball, location: 2F
1-2: Foul Ball, location: 2F
1-2: Ball
2-2: Foul Ball, location: 2F
2-2: Fielders Choice at 2nd, 6-4 (Groundball, 6, EV 100.0 MPH)
Bottom of the 3rd over - 0 runs, 1 hit, 0 errors, 2 left on base; Binghamton 0 - Dayton 4
TOP OF THE 4TH
Binghamton Mets batting - Pitching for Dayton Dragons : LHP Bill Cooksey
Batting: SHB Alex Orozco 0-0: Foul Ball, location: 2F
0-1: Ball
1-1: Foul Ball, location: 2F
1-2: Ball
2-2: Strikes out looking
Batting: LHB Tom Prayer 0-0: Called Strike
0-1: Fly out, F7 (Flyball, 7S, EV 71.3 MPH)
Batting: RHB Ivan Gonzales 0-0: Called Strike
0-1: Ball
1-1: Ball
2-1: Ball
3-1: Called Strike
3-2: Strikes out swinging
Top of the 4th over - 0 runs, 0 hits, 0 errors, 0 left on base; Binghamton 0 - Dayton 4
BOTTOM OF THE 4TH
Dayton Dragons batting - Pitching for Binghamton Mets : RHP Lawrence Luning
Batting: RHB Tim Walter 0-0: Swinging Strike
0-1: Swinging Strike
0-2: Reached on error, E6 (Groundball, 6, EV 86.9 MPH)
Batting: LHB Matt Kennedy 0-0: Foul Ball, location: 2F
0-1: Fly out, F6 (Flyball, 56D, EV 80.6 MPH)
Batting: SHB Kristian Kristensen 0-0: Called Strike
0-1: Ball
Wild Pitch!
Tim Walter to second
1-1: Ball
2-1: Fly out, F8 (Flyball, 8LXD, EV 92.5 MPH)
Runner from 2nd tags up, SAFE at 3rd, no throw by CF
Batting: LHB Andrew Hamm 0-0: Ball
1-0: Ball
2-0: Foul Ball, location: 2F
2-1: Ball
3-1: SINGLE (Groundball, 3D, EV 101.9 MPH)
Tim Walter scores
Pitching: LHP Matt Allert
Batting: RHB Jonathan Davis 0-0: Fielders Choice at 2nd, 5-4 (Groundball, 56, EV 79.4 MPH)
Bottom of the 4th over - 1 run, 1 hit, 1 error, 1 left on base; Binghamton 0 - Dayton 5
TOP OF THE 5TH
Binghamton Mets batting - Pitching for Dayton Dragons : LHP Bill Cooksey
Batting: LHB Joel Soto 0-0: Called Strike
0-1: Ball
1-1: Swinging Strike
1-2: Ground out 5-3 (Groundball, 56, EV 76.3 MPH)
Batting: RHB Bill Larsen 0-0: Called Strike
0-1: SINGLE (Line Drive, 8RS, EV 104.4 MPH)
Batting: RHB Jake Hansford 0-0: Ball
1-0: Foul Ball, location: 2F
1-1: Ball
2-1: Ball
3-1: Base on Balls
Bill Larsen to second
Batting: RHB Steve Dunaway 0-0: Swinging Strike
0-1: Called Strike
0-2: Ball
1-2: Fly out, F4 (Line Drive, 4, EV 75.0 MPH)
Batting: RHB Joe Kooyers 0-0: Foul Ball, location: 2F
0-1: SINGLE (Groundball, 6MD, EV 100.0 MPH)
Bill Larsen to third
Jake Hansford to second
Runner from 3rd tries for Home, SAFE, throw by CF to home
Batting: RHB Matt Skipper 0-0: Ball
1-0: Ball
2-0: Foul Ball, location: 2F
2-1: Called Strike
2-2: Fly out, F3 (Line Drive, 3, EV 71.3 MPH)
Top of the 5th over - 1 run, 2 hits, 0 errors, 2 left on base; Binghamton 1 - Dayton 5
BOTTOM OF THE 5TH
Dayton Dragons batting - Pitching for Binghamton Mets : LHP Matt Allert
Batting: RHB Ben Hinman 0-0: Called Strike
0-1: SOLO HOME RUN (Flyball, 7D, EV 99.4 MPH), Distance : 375 ft
Batting: RHB Pat Grover 0-0: Ball
1-0: Swinging Strike
1-1: Foul Ball, location: 2F
1-2: Ground out 6-3 (Groundball, 6, EV 101.3 MPH)
Batting: RHB Frank Moron 0-0: Ball
1-0: Foul Ball, location: 2F
1-1: Ball
2-1: Foul Ball, location: 2F
2-2: Foul Ball, location: 2F
2-2: SINGLE (Line Drive, 8RS, EV 105.6 MPH)
Batting: RHB Travis Petrick 0-0: Called Strike
0-1: Ball
1-1: Called Strike
1-2: Foul Ball, location: 2F
1-2: Foul Ball, location: 2F
1-2: Ball
2-2: SINGLE (Line Drive, 89S, EV 95.6 MPH)
Frank Moron to second
Runner from 2nd tries for 3rd, SAFE, throw by RF made to third
Batting: RHB Tim Walter 0-0: DOUBLE (Line Drive, 8LXD, EV 107.5 MPH)
Frank Moron scores
Travis Petrick to third
Batting: LHB Matt Kennedy 0-0: Called Strike
0-1: Foul Ball, location: 2F
0-2: Foul Ball, location: 2F
0-2: Ball
1-2: Strikes out swinging
Batting: SHB Kristian Kristensen 0-0: Ball
1-0: Foul Ball, location: 2F
1-1: Ball
2-1: SINGLE (Groundball, 6MD, EV 101.9 MPH)
Travis Petrick scores
Tim Walter to third
Runner from 3rd tries for Home, throw by CF and OUT! 8-2
Bottom of the 5th over - 3 runs, 5 hits, 0 errors, 1 left on base; Binghamton 1 - Dayton 8
TOP OF THE 6TH
Binghamton Mets batting - Pitching for Dayton Dragons : LHP Bill Cooksey
Batting: SHB Alex Orozco 0-0: Ball
1-0: Ground out 4-3 (Groundball, 4M, EV 90.0 MPH)
Batting: LHB Tom Prayer 0-0: Ground out 5-3 (Groundball, 56, EV 83.1 MPH)
Batting: RHB Ivan Gonzales 0-0: Foul Ball, location: 2F
0-1: SINGLE (Groundball, 4M, EV 105.6 MPH) (infield hit)
Batting: LHB Joel Soto 0-0: Ball
1-0: Called Strike
1-1: Swinging Strike
1-2: Ball
2-2: Fielders Choice at 2nd, 5-4 (Groundball, 5L, EV 84.4 MPH)
Top of the 6th over - 0 runs, 1 hit, 0 errors, 1 left on base; Binghamton 1 - Dayton 8
BOTTOM OF THE 6TH
Dayton Dragons batting - Pitching for Binghamton Mets : LHP Matt Allert
Batting: LHB Andrew Hamm 0-0: Called Strike
0-1: Ground out 1-3 (Groundball, 13, EV 70.0 MPH)
Batting: RHB Jonathan Davis 0-0: Swinging Strike
0-1: Ball
1-1: SINGLE (Groundball, 56D, EV 103.8 MPH)
Pitching: RHP Iwao Machida
Batting: RHB Ben Hinman 0-0: Called Strike
0-1: Ball
1-1: Fly out, F6 (Popup, 4S, EV 71.9 MPH)
Batting: RHB Pat Grover 0-0: Called Strike
0-1: Ball
1-1: Ball
2-1: Ball
3-1: Foul Ball, location: 2F
3-2: Ground out 6-3 (Groundball, 6, EV 81.9 MPH)
Bottom of the 6th over - 0 runs, 1 hit, 0 errors, 1 left on base; Binghamton 1 - Dayton 8
TOP OF THE 7TH
Binghamton Mets batting - Pitching for Dayton Dragons : LHP Bill Cooksey
Batting: RHB Bill Larsen 0-0: Called Strike
0-1: Foul Ball, location: 2F
0-2: Ball
1-2: Strikes out swinging
Batting: RHB Jake Hansford 0-0: Called Strike
0-1: Called Strike
0-2: Strikes out swinging
Batting: RHB Steve Dunaway 0-0: Ball
1-0: Ball
2-0: Ball
3-0: Base on Balls
Pitching: RHP Doug Elliott
Pinch Hitting: RHB Joe Barker 0-0: Called Strike
0-1: Foul Ball, location: 2F
0-2: Foul Ball, location: 2F
0-2: Fielders Choice at 2nd, 5-4 (Groundball, 5, EV 84.4 MPH)
Top of the 7th over - 0 runs, 0 hits, 0 errors, 1 left on base; Binghamton 1 - Dayton 8
BOTTOM OF THE 7TH
Dayton Dragons batting - Pitching for Binghamton Mets : RHP Iwao Machida
Now at 1B: Willie Cintron
Batting: RHB Frank Moron 0-0: Ground out 5-3 (Groundball, 56, EV 107.5 MPH)
Batting: RHB Travis Petrick 0-0: Called Strike
0-1: Ground out 3-1 (Groundball, 34, EV 89.4 MPH)
Batting: RHB Tim Walter 0-0: Called Strike
0-1: Ground out 5-3 (Groundball, 56, EV 88.8 MPH)
Bottom of the 7th over - 0 runs, 0 hits, 0 errors, 0 left on base; Binghamton 1 - Dayton 8
TOP OF THE 8TH
Binghamton Mets batting - Pitching for Dayton Dragons : RHP Doug Elliott
Batting: RHB Matt Skipper 0-0: DOUBLE (Groundball, 5L, EV 97.5 MPH)
Batting: SHB Alex Orozco 0-0: Ground out 4-3 (Groundball, 4, EV 86.9 MPH)
Matt Skipper to third
Batting: LHB Tom Prayer 0-0: Called Strike
0-1: Ball
1-1: Fly out, F9 (Flyball, 89D, EV 96.9 MPH)
Runner from 3rd tags up, OUT at HOME! 9-2
Top of the 8th over - 0 runs, 1 hit, 0 errors, 0 left on base; Binghamton 1 - Dayton 8
BOTTOM OF THE 8TH
Dayton Dragons batting - Pitching for Binghamton Mets : RHP Iwao Machida
Batting: LHB Matt Kennedy 0-0: Foul Ball, location: 2F
0-1: Reached on error, E4 (Groundball, 4, EV 79.4 MPH)
Batting: SHB Kristian Kristensen 0-0: Called Strike
0-1: Ball
1-1: Called Strike
1-2: DOUBLE (Flyball, 78XD, EV 95.0 MPH)
Matt Kennedy scores
Batting: LHB Andrew Hamm 0-0: Ball
1-0: Foul Ball, location: 2F
1-1: Fly out, F8 (Flyball, 8RXD, EV 88.1 MPH)
Runner from 2nd tags up, SAFE at 3rd, no throw by CF
Batting: RHB Jonathan Davis 0-0: Ball
1-0: Ball
2-0: Called Strike
2-1: Foul Ball, location: 2F
2-2: Ball
3-2: Base on Balls
Batting: RHB Ben Hinman 0-0: Called Strike
0-1: Ball
1-1: Ball
2-1: Swinging Strike
2-2: Strikes out swinging
Batting: RHB Pat Grover 0-0: Ball
1-0: Ball
2-0: Foul Ball, location: 2F
2-1: Swinging Strike
2-2: Ground out U3 (Groundball, 34, EV 83.8 MPH)
Bottom of the 8th over - 1 run, 1 hit, 1 error, 2 left on base; Binghamton 1 - Dayton 9
TOP OF THE 9TH
Binghamton Mets batting - Pitching for Dayton Dragons : RHP Doug Elliott
Batting: RHB Ivan Gonzales 0-0: Called Strike
0-1: Foul Ball, location: 2F
0-2: Ball
1-2: Foul Ball, location: 2F
1-2: Foul Ball, location: 2F
1-2: DOUBLE (Groundball, 5L, EV 101.3 MPH)
Batting: LHB Joel Soto 0-0: Ball
1-0: Ground out 5-3 (Groundball, 5L, EV 86.3 MPH)
Pitching: LHP Matt Estock
Batting: RHB Bill Larsen 0-0: Ball
1-0: DOUBLE (Line Drive, 8RD, EV 113.1 MPH)
Ivan Gonzales scores
Batting: RHB Jake Hansford 0-0: Ball
1-0: Fly out, F8 (Line Drive, 8LM, EV 85.6 MPH)
Batting: RHB Steve Dunaway 0-0: Ball
1-0: Called Strike
1-1: Fly out, F7 (Line Drive, 7, EV 95.6 MPH)
Top of the 9th over - 1 run, 2 hits, 0 errors, 1 left on base; Binghamton 2 - Dayton 9
Thursday, March 31st , 2022 - OOTP Baseball 22.12 Build 89